 Dungeon Crawl Stone Soup version 0.29.1-15-g9cfb28693d (webtiles) character file.

Game seed: 794035047577207082

5 pokedragonboy the Insei (level 1, 0/15 HPs)
             Began as a Merfolk Transmuter on Mar 10, 2023.
             Frozen to death by an endoplasm (3 damage)
             ... on level 1 of the Dungeon.
             The game lasted 00:00:33 (51 turns).

pokedragonboy the Insei (Merfolk Transmuter)          Turns: 51, Time: 00:00:33

Health: 0/15       AC:  2    Str: 10    XL:     1   Next: 80%
Magic:  3/3        EV: 12    Int: 12    God:
Gold:   0          SH:  0    Dex: 14    Spells: 3/4 levels left

rFire   . . .      SeeInvis .     - Unarmed
rCold   . . .      Faith    .   (no shield)
rNeg    . . .      Spirit   .   a - +0 robe
rPois   .          Reflect  .   (helmet currently unavailable)
rElec   .          Harm     .   (no cloak)
rCorr   .          Rampage  .   (no gloves)
Will    .....                   (boots currently unavailable)
Stlth   +.........              (no amulet)
HPRegen 0.05/turn               (no ring)
MPRegen 0.08/turn               (no ring)

@: appendages (expiring)
A: horns 2, (nimble swimmer 2), mertail
a: End Transformation


You were on level 1 of the Dungeon.
You had temporarily grown beastly horns.
You visited 1 branch of the dungeon, and saw 1 of its levels.

Inventory:

Armour
 a - a +0 robe (worn)
Potions
 b - a potion of lignification


   Skills:
 + Level 1.2 Fighting
 + Level 2.7 Dodging
 * Level 3.4 Unarmed Combat
 + Level 2.0 Spellcasting
 * Level 2.9 Transmutations


You had 3 spell levels left.
You knew the following spells:

 Your Spells              Type           Power      Damage    Failure   Level
a - Beastly Appendage     Tmut           16%        N/A       9%          1

Your spell library contained the following spells:

 Spells                   Type           Power      Damage    Failure   Level
 Wereblood                Tmut           8%         N/A       12%         2
 Spider Form              Tmut/Pois      4%         N/A       41%         3
 Ice Form                 Ice/Tmut       4%         N/A       83%         4


Dungeon Overview and Level Annotations

Branches:
Dungeon (1/15)

Altars:


Innate Abilities, Weirdness & Mutations

You have temporarily grown beastly horns.
((You are very nimble when in or above water. (Stealth+, EV+, Speed+++)))
Your lower body shifts to a powerful aquatic tail in water.


Message History

2 jackals come into view.
The jackal barks! x2
A jackal comes into view.
The jackal bites you.
The jackal barks!
You punch the jackal!
You kill the jackal!
Found a leather armour.
The jackal misses you. The jackal closely misses you. x2
The jackal barely misses you. The jackal bites you. x2
You hit the jackal. You headbutt the jackal.
The jackal is severely wounded.
The jackal misses you. The jackal barely misses you. The jackal misses you.
You hit the jackal.
You kill the jackal!
The jackal barely misses you. The jackal bites you.
You miss the jackal. The jackal bites you.
The jackal bites you but does no damage.
An endoplasm comes into view.
The jackal misses you. The jackal barely misses you.
You are too injured to fight recklessly!
You are too injured to fight recklessly!
You hit the jackal but do no damage. The jackal barely misses you.
The jackal bites you.
You barely miss the jackal. You headbutt the jackal.
You kill the jackal!
Your transformation is almost over.
The jackal closely misses you. The jackal bites you.
* * * LOW HITPOINT WARNING * * *
The jackal closely misses you.
You hit the jackal.
You kill the jackal!
You hit the endoplasm.
The endoplasm is heavily wounded.
The endoplasm closely misses you.
You hit the endoplasm. Your headbutt misses the endoplasm.
The endoplasm is almost dead.
The endoplasm freezes you.
You are frozen.
You die...

#. .[......#
#.# #.....!.##
...#........
#.#.>.....#
.........#
#.......
#.###.†##.##
##..........##
......J@##...#
........###.##
######.## #.#
#.# #.# PPP..♣
#.#


#.##♣PP.PPPPPP #.# #.##..P.P.P.P. #.# #.# .P..P♣P.♣P #.# #.# ...PP..♣♣.
#.####.############ You could see an endoplasm.

Vanquished Creatures
  4 jackals (D:1)
4 creatures vanquished.

Notes
Turn   | Place    | Note
-------+----------+-------------------------------------------
     0 | D:1      | pokedragonboy the Merfolk Transmuter began the quest for
                  | the Orb.
     0 | D:1      | Reached XP level 1. HP: 15/15 MP: 3/3
    51 | D:1      | Frozen to death by an endoplasm

Illustrated notes

Levels and vault maps discovered:
D:1:      minmay_arrival_arboretum_small, layout_loops_ring

Action                   || total
-------------------------++-------
Melee: Unarmed           ||     9
       Headbutt          ||     2
 Cast: Beastly Appendage ||     1
Armor: Robe              ||     1
Dodge: Dodged            ||    14
